 Seeded DCSS version 0.29.1-13-g9f3cf754e1 (webtiles) character file.

Game seed: 18334199546629406935 (custom seed)

2286 mathmaestro the Merchant of Misery (level 9, -13/70 HPs)
             Began as a Demonspawn Necromancer on Jan 26, 2023.
             Was a Believer of Kikubaaqudgha.
             Mangled by an orc warlord
             ... wielding a +6 battleaxe
              (43 damage)
             ... in a bailey.
             The game lasted 00:20:11 (7922 turns).

mathmaestro the Merchant of Misery (DsNe)           Turns: 7922, Time: 00:20:12

Health: -13/70     AC:  8    Str: 15    XL:     9   Next: 17%
Magic:  1/16       EV: 13    Int: 21    God:    Kikubaaqudgha [**....]
Gold:   445        SH:  0    Dex: 13    Spells: 6/18 levels left

rFire   . . .      SeeInvis .   r - +4 flail (protect)
rCold   . . .      Faith    .   (no shield)
rNeg    . . .      Spirit   .   D - +2 robe {Archmagi}
rPois   .          Reflect  .   (helmet restricted)
rElec   .          Harm     .   t - +0 cloak
rCorr   .          Rampage  .   n - +0 pair of gloves
Will    .....      Archmagi +   E - +0 pair of boots
Stlth   +++.......              (no amulet)
HPRegen 0.21/turn               g - +6 ring of strength
MPRegen 0.30/turn               l - ring of flight

@: flying
A: antennae 1, rugged brown scales 1, powered by death 2, magic regeneration
a: Renounce Religion, Unearth Wretches


You were in a bailey.
You worshipped Kikubaaqudgha.
Kikubaaqudgha was pleased with you.
You visited 1 branch of the dungeon, and saw 7 of its levels.
You also visited: Sewer and Bailey.

You collected 445 gold pieces.

Inventory:

Hand Weapons
 r - a +4 flail of protection (weapon)
Missiles
 A - 4 javelins
 G - 10 boomerangs (quivered)
Armour
 n - a +0 pair of gloves (worn)
 t - a +0 cloak (worn)
 D - a +2 robe of the Archmagi (worn)
 E - a +0 pair of boots (worn)
Jewellery
 g - a +6 ring of strength (left hand)
 l - a ring of flight (right hand)
 F - a ring of protection from cold
Scrolls
 a - a scroll of noise {unknown}
 e - a scroll of enchant weapon {unknown}
 f - 3 scrolls of immolation
 k - 5 scrolls of teleportation
 m - 4 scrolls of magic mapping
 o - 2 scrolls of fear {unknown}
 q - a scroll of blinking {unknown}
 s - 5 scrolls of fog
 x - a scroll of amnesia {unknown}
 y - a scroll of enchant armour
 H - a scroll of summoning {unknown}
Potions
 b - a potion of magic
 c - 4 potions of curing
 d - 3 potions of attraction {unknown}
 h - 4 potions of haste
 i - 4 potions of might
 j - 3 potions of degeneration {unknown}
 p - a potion of flight {unknown}
 u - 4 potions of heal wounds {unknown}
 v - a potion of cancellation {unknown}
 w - 3 potions of mutation {unknown}
 z - 4 potions of invisibility {unknown}
 B - 3 potions of lignification {unknown}
 C - a potion of berserk rage {unknown}


   Skills:
 + Level 5.1 Fighting
 - Level 5.0 Dodging
 - Level 5.0 Stealth
 + Level 5.2 Spellcasting
 + Level 3.7 Hexes
 + Level 7.2 Necromancy


You had 6 spell levels left.
You knew the following spells:

 Your Spells              Type           Power      Damage    Failure   Level
a - Necrotise             Necr           100%       1d9       1%          1
b - Vampiric Draining     Necr           52%        2d9       1%          3
c - Animate Dead          Necr           52%        N/A       5%          4
d - Anguish               Hex/Necr       21%        N/A       11%         4

Your spell library contained the following spells:

 Spells                   Type           Power      Damage    Failure   Level
 Slow                     Hex            100%       N/A       2%          1
 Confusing Touch          Hex            32%        N/A       7%          3
 Agony                    Necr           52%        N/A       14%         5
 Blink                    Tloc           16%        N/A       16%         2
 Lesser Beckoning         Tloc           8%         N/A       32%         3
 Petrify                  Tmut/Erth      8%         N/A       71%         4
 Metabolic Englaciation   Hex/Ice        10%        N/A       80%         5
 Manifold Assault         Tloc           8%         N/A       96%         5
 Statue Form              Tmut/Erth      5%         N/A       100%        6


Dungeon Overview and Level Annotations

Branches:
Dungeon (7/15)              Sewer (visited)          Bailey (1/1)
 Temple: D:4-7

Altars:
Kikubaaqudgha

Annotations:
D:4 1 runed translucent door, retardedninja's ghost, novice GrFi


Innate Abilities, Weirdness & Mutations

You have a pair of small antennae on your head.
You are partially covered in rugged brown scales. (AC +1, +3% HP)
You regenerate health from kills.
You regenerate magic rapidly.


Message History

You feel a surge of power!
You draw life force from the orc warlord!
You feel life coursing into your body! The orc warlord barely misses you.
Unknown command.
Casting: Vampiric Draining (safe; 1% risk of failure)
Confirm with . or Enter, or press ? or * to list all spells.
Aiming: Vampiric Draining (safe; 1% risk of failure)
Press: ? - help, Shift-Dir - straight line, f/p - orc warlord
Aim: an orc warlord, wielding a +6 battleaxe and wearing a +0 plate armour (moderately wounded, anguished)
You feel a surge of power!
You draw life force from the orc warlord!
You feel life coursing into your body. The orc warlord misses you.
Unknown command.
Casting: Vampiric Draining (safe; 1% risk of failure)
Confirm with . or Enter, or press ? or * to list all spells.
Aiming: Vampiric Draining (safe; 1% risk of failure)
Press: ? - help, Shift-Dir - straight line, f/p - orc warlord
Aim: an orc warlord, wielding a +6 battleaxe and wearing a +0 plate armour (moderately wounded, anguished)
You feel a surge of power!
You draw life force from the orc warlord!
You feel life coursing into your body.
The orc warlord hits you with a +6 battleaxe!!
The orc warlord is wracked by anguish!!
Unknown command.
Casting: Vampiric Draining (safe; 1% risk of failure)
Confirm with . or Enter, or press ? or * to list all spells.
Aiming: Vampiric Draining (safe; 1% risk of failure)
Press: ? - help, Shift-Dir - straight line, f/p - orc warlord
Aim: an orc warlord, wielding a +6 battleaxe and wearing a +0 plate armour (severely wounded, anguished)
You feel a surge of power!
You draw life force from the orc warlord.
You feel life coursing into your body.
The orc warlord hits you with a +6 battleaxe!
The orc warlord is wracked by anguish!
Unknown command.
The orc warlord attacks as you move away!
The orc warlord hits you with a +6 battleaxe!!!
Ouch! That really hurt!
You die...
Kikubaaqudgha rasps: "You have failed me!
Welcome... death!"

♣♣♣♣♣
♣♣♣♣♣♣♣♣♣♣.∩.♣♣♣♣♣♣♣♣♣♣
♣♣≈≈≈≈≈≈.........≈≈≈≈≈≈♣
♣♣≈≈≈≈≈≈@o...∩....≈≈≈≈≈≈≈
♣♣≈≈≈#####.........#####≈≈
♣≈≈≈##...##.......##...##≈
♣≈≈##.....##.....##.....##
♣≈##...8...##'''##...8...#
♣##.......................
#........................
#..8..8..o..........8..8.
#......)..)÷............)


You could see an orc warlord (anguished).

Vanquished Creatures
  Sigmund (D:6)
  A wyvern (D:6)
  A water moccasin (D:7)
  3 orc warriors (Bailey)
  An ice beast (D:6)
  A sky beast (D:7)
  2 ogres
  A black bear (D:5)
  A phantom (D:5)
  4 bullfrogs
  A jelly (D:4)
  2 hounds (D:5)
  An orc priest (D:5)
  An iguana (D:6)
  3 orc wizards (D:5)
  10 gnolls
  A river rat (Sewer)
  8 adders
  A shadow imp (D:6)
  2 white imps (D:6)
  4 ufetubi
  A worm (D:5)
  2 dart slugs
  23 orcs
  9 endoplasms
  2 giant cockroaches
  4 goblins
  5 hobgoblins
  3 quokkas
  15 ball pythons
  4 bats
  A frilled lizard (Sewer)
  9 kobolds
  21 rats
149 creatures vanquished.

Vanquished Creatures (collateral kills)
  A gnoll (Bailey)
  An adder (Sewer)
  A shadow imp (D:6)
  A worm (D:3)
  An orc (Bailey)
  5 ball pythons
  A frilled lizard (Sewer)
  7 rats
18 creatures vanquished.

Vanquished Creatures (others)
  A troll (D:5)
  An adder zombie (Sewer)
  3 goblins (Bailey)
  2 ball python zombies (Sewer)
  A gnoll zombie (Bailey)
  3 kobold zombies (Bailey)
  5 orc zombies
  5 demonic plants (D:6)
21 creatures vanquished.

Grand Total: 188 creatures vanquished

Notes
Turn   | Place    | Note
-------+----------+-------------------------------------------
     0 | D:1      | mathmaestro the Demonspawn Necromancer began the quest for
                  | the Orb.
     0 | D:1      | Reached XP level 1. HP: 13/13 MP: 3/3
   409 | D:1      | Gained mutation: You are partially covered in rugged brown
                  | scales. (AC +1, +3% HP) [demonic ancestry]
   409 | D:1      | Reached XP level 2. HP: 14/20 MP: 1/5
   754 | D:1      | You fall into a shaft and drop 1 floor!
  1298 | D:2      | Reached skill level 1 in Fighting
  1351 | D:2      | Reached XP level 3. HP: 25/26 MP: 0/6
  1359 | D:2      | Learned a level 3 spell: Vampiric Draining
  1716 | D:2      | Gained mutation: You have a pair of small antennae on your
                  | head. [demonic ancestry]
  1716 | D:2      | Reached XP level 4. HP: 26/32 MP: 2/7
  1961 | D:2      | Learned a level 4 spell: Animate Dead
  2012 | D:3      | Found a glowing drain.
  2033 | D:3      | Found a faded altar of an unknown god.
  2065 | Sewer    | Entered a sewer
  2488 | Sewer    | Reached skill level 5 in Necromancy
  2488 | Sewer    | Reached XP level 5. HP: 38/39 MP: 2/9
  2582 | Sewer    | Gained mutation: You regenerate magic rapidly. [demonic
                  | ancestry]
  2582 | Sewer    | Reached XP level 6. HP: 32/46 MP: 6/10
  3404 | D:4      | Found an ancient bone altar of Kikubaaqudgha.
  3414 | D:4      | Became a worshipper of Kikubaaqudgha
  3907 | D:4      | Found a runed translucent door.
  3918 | D:4      | Noticed retardedninja's ghost (novice GrFi)
  4384 | D:5      | Entered Level 5 of the Dungeon
  4607 | D:5      | Gained mutation: You regenerate a little health from kills.
                  | [demonic ancestry]
  4607 | D:5      | Reached XP level 7. HP: 53/53 MP: 10/12
  4887 | D:5      | Noticed a troll
  5075 | D:5      | Reached * piety under Kikubaaqudgha
  5075 | D:5      | Received a gift from Kikubaaqudgha
  5081 | D:5      | Learned a level 4 spell: Anguish
  5665 | D:5      | Killed a troll
  5666 | D:5      | Reached skill level 1 in Hexes
  5666 | D:5      | Reached skill level 6 in Necromancy
  5915 | D:6      | Noticed a wyvern
  5925 | D:6      | Killed a wyvern
  5926 | D:6      | Reached XP level 8. HP: 20/61 MP: 2/14
  6142 | D:6      | Noticed Sigmund
  6350 | D:6      | Killed Sigmund
  6718 | D:6      | Reached skill level 5 in Stealth
  7109 | D:7      | Reached skill level 7 in Necromancy
  7115 | D:7      | Found a flagged portal.
  7128 | D:7      | Reached skill level 5 in Spellcasting
  7132 | Bailey   | Entered a bailey
  7150 | Bailey   | Noticed an orc warlord
  7167 | Bailey   | Gained mutation: You regenerate health from kills. [demonic
                  | ancestry]
  7167 | Bailey   | Reached XP level 9. HP: 64/69 MP: 9/16
  7176 | Bailey   | Reached ** piety under Kikubaaqudgha
  7235 | Bailey   | Found a runed translucent gate.
  7235 | Bailey   | Found a runed translucent gate.
  7235 | Bailey   | Found a runed translucent gate.
  7240 | Bailey   | Reached skill level 5 in Fighting
  7323 | Bailey   | Reached skill level 5 in Dodging
  7922 | Bailey   | Mangled by an orc warlord

Illustrated notes

Levels and vault maps discovered:
D:1:      shiori_shiawase, layout_loops_ring, st_stairs_7
D:2:      layout_basic, minmay_large_rounded_square
D:3:      layout_basic, portal_sewer_entry_a, hellmonk_ecumenical_altar_blasted
D:4:      layout_loops_corners, kiku_gazebo_garden_becter, ebering_ghost_sewer_d
D:5:      layout_basic
D:6:      layout_cave_pools, serial_demonic, serial_demonic_b, serial_demonic_c,
          serial_demonic_d, serial_demonic_g, uniq_sigmund
D:7:      layout_basic, lemuel_coloured_pillars_altar,
          minmay_temple_entry_mini_moons, enter_bailey_2
Bailey:   bailey_axe_bossmonster_kennysheep, bailey

Skill      XL: |  1  2  3  4  5  6  7  8  9 |
---------------+----------------------------+-----
Stealth        | 2 3 4 5 |  5.0
Dodging        | 2 3 4 5 |  5.0
Fighting       | 1 2 3 4 5 |  5.1
Necromancy     | 5 6 7 |  7.2
Spellcasting   | 3 4 5 |  5.2
Hexes          | 1 3 |  3.7

Action                   |  1- 3 |  4- 6 |  7- 9 || total
-------------------------+-------+-------+-------++-------
Melee: Whip              |    14 |       |       ||    14
       Flail             |       |    76 |   161 ||   237
       Punch             |       |     1 |     2 ||     3
Throw: Boomerang         |       |       |    11 ||    11
 Cast: Necrotise         |    67 |    43 |    45 ||   155
       Animate Dead      |       |     2 |     4 ||     6
       Vampiric Draining |       |     4 |    28 ||    32
       Anguish           |       |       |    12 ||    12
  Use: Scroll            |       |     6 |     3 ||     9
 Stab: Sleeping          |       |     8 |       ||     8
       Distracted        |       |       |     1 ||     1
Armor: Robe              |     4 |    30 |    92 ||   126
Dodge: Dodged            |    18 |    88 |   143 ||   249
